 Dungeon Crawl Stone Soup version 0.29-a0-632-g781b4ac09e (webtiles) character file.

Game seed: 11001054079249786993

3754 brendy123 the Destroyer (level 9, -4/45 HPs)
             Began as a Deep Elf Conjurer on June 19, 2022.
             Was an Initiate of Vehumet.
             Killed from afar by an acid dragon (25 damage)
             ... with a splash of acid
             ... on level 10 of the Dungeon.
             The game lasted 00:59:02 (14965 turns).

brendy123 the Destroyer (Deep Elf Conjurer)        Turns: 14965, Time: 00:59:03

Health: -4/45      AC:  5    Str:  4    XL:     9   Next: 93%
Magic:  15/26      EV: 12    Int: 28    God:    Vehumet [......]
Gold:   534        SH:  0    Dex: 13    Spells: 15/30 levels left

rFire   . . .      SeeInvis .   d - +3 mace (protect)
rCold   . . .      Faith    .   (no shield)
rNeg    + . .      Spirit   .   t - +2 robe {Archmagi}
rPois   .          Reflect  .   (no helmet)
rElec   .          Harm     .   (no cloak)
rCorr   .          Rampage  .   (no gloves)
Will    .....      Archmagi +   C - +0 pair of boots
Stlth   ++........              (no amulet)
HPRegen 0.15/turn               o - ring of positive energy
MPRegen 0.20/turn               a - +4 ring of slaying

@: no status effects
A: no striking features
a: Renounce Religion


You were on level 10 of the Dungeon.
You worshipped Vehumet.
Vehumet was noncommittal.
You visited 2 branches of the dungeon, and saw 11 of its levels.
You also visited: Sewer.

You collected 534 gold pieces.

Inventory:

Hand Weapons
 d - a +3 mace of protection (weapon)
Missiles
 v - 16 poisoned darts
 E - a throwing net
 H - 5 atropa-tipped darts
Armour
 s - a +2 robe of cold resistance
 t - a +2 robe of the Archmagi (worn)
 B - +0 acid dragon scales
 C - a +0 pair of boots (worn)
Magical Staves
 m - a staff of fire
 I - a staff of air
Jewellery
 a - a +4 ring of slaying (right hand)
 o - a ring of positive energy (left hand)
Wands
 e - a wand of digging (6)
 G - a wand of polymorph (2)
Scrolls
 c - a scroll of brand weapon
 g - 2 scrolls of enchant weapon
 j - 2 scrolls of enchant armour
 n - a scroll of amnesia
 p - 4 scrolls of fog
 r - 3 scrolls of blinking
 w - 3 scrolls of teleportation
 y - 2 scrolls of identify
 z - a scroll of summoning {unknown}
Potions
 b - a potion of berserk rage
 f - 3 potions of magic
 h - 2 potions of invisibility {unknown}
 i - 6 potions of brilliance
 k - 2 potions of resistance
 l - a potion of attraction
 q - a potion of might
 u - 3 potions of curing
 x - a potion of heal wounds
 A - a potion of lignification {unknown}
 D - 2 potions of mutation {unknown}
 F - a potion of flight
 J - a potion of cancellation {unknown}


   Skills:
 - Level 2.4 Dodging
 - Level 2.4 Stealth
 - Level 11.1 Spellcasting
 * Level 13.4 Conjurations


You had 15 spell levels left.
You knew the following spells:

 Your Spells              Type           Power      Damage    Failure   Level
a - Magic Dart            Conj           100%       1d8       0%          1
b - Searing Ray           Conj           100%       2d8       1%          2
c - Dazzling Flash        Conj/Hex       100%       N/A       1%          3
d - Slow                  Hex            92%        N/A       3%          1
e - Iskenderun's Mystic   Conj/Tloc      68%        2d14      2%          4
f - Flame Wave            Conj/Fire      68%        2d13      2%          4

Your spell library contained the following spells:

 Spells                   Type           Power      Damage    Failure   Level
 Foxfire                  Conj/Fire      100%       2x1d9     1%          1
 Conjure Flame            Conj/Fire      68%        6-21      1%          3
 Fulminant Prism          Conj/Hex       34%        3d16      2%          4
 Confusing Touch          Hex            23%        N/A       11%         3
 Gell's Gravitas          Tloc           23%        N/A       11%         3
 Inner Flame              Hex/Fire       23%        N/A       11%         3
 Lesser Beckoning         Tloc           23%        N/A       11%         3
 Teleport Other           Tloc           23%        N/A       11%         3
 Vampiric Draining        Necr           23%        2d7       11%         3


Dungeon Overview and Level Annotations

Branches:
Dungeon (10/15)            Temple (1/1) D:4           Sewer (visited)
   Lair: D:8-11         Orc: D:9-12

Altars:
Ashenzari
Cheibriados
Dithmenos
Elyvilon
Fedhas
Gozag
Hepliaklqana
Kikubaaqudgha
Makhleb
Nemelex Xobeh
Okawaru
Qazlal
Ru
Sif Muna
Trog
Uskayaw
Vehumet
Wu Jian
Xom
Yredelemnul
Zin
The Shining One

Shops:
D:1 *   D:8 :

Annotations:
D:7 1 runed translucent door, stabb's ghost, novice DsFE


Message History

You kill the electric eel!
Vehumet accepts your kill.
You hear a splash.
You start resting.
A wolf is nearby!
Casting: Magic Dart (safe; 0% risk of failure)
Confirm with . or Enter, or press ? or * to list all spells.
Aiming: Magic Dart (safe; 0% risk of failure)
Press: ? - help, Shift-Dir - straight line, f - wolf
Aim: a wolf (wandering, hasn't noticed you, 100% to hit)
You feel a surge of power!
The magic dart hits the wolf.
The wolf is moderately wounded.
The wolf howls!
Casting: Magic Dart (safe; 0% risk of failure)
Confirm with . or Enter, or press ? or * to list all spells.
Aiming: Magic Dart (safe; 0% risk of failure)
Press: ? - help, Shift-Dir - straight line, f/p - wolf
Aim: a wolf (moderately wounded, 100% to hit)
You feel a surge of power!
The magic dart hits the wolf.
The wolf is moderately wounded.
A wolf comes into view.
Casting: Magic Dart (safe; 0% risk of failure)
Confirm with . or Enter, or press ? or * to list all spells.
Aiming: Magic Dart (safe; 0% risk of failure)
Press: ? - help, Shift-Dir - straight line, f - wolf
Aim: a wolf (wandering, hasn't noticed you, 100% to hit)
You feel a surge of power!
The magic dart hits the wolf.
The wolf is lightly wounded.
The wolf howls!
Casting: Magic Dart (safe; 0% risk of failure)
Confirm with . or Enter, or press ? or * to list all spells.
Aiming: Magic Dart (safe; 0% risk of failure)
Press: ? - help, Shift-Dir - straight line, f - acid dragon
Aim: an acid dragon (wandering, hasn't noticed you, 100% to hit)
You feel a surge of power!
The magic dart hits the acid dragon.
The acid dragon is lightly wounded.
The acid dragon spits acid at you. The splash of acid hits you!!
Ouch! That really hurt!
You die...

..##### .<..[.##########
.....≈≈
.†###..............≈≈≈≈≈
..# #...............≈≈≈D
..# #..#####....#....≈≈≈
..# #..# #....#....≈..
..###..# #....#.......
.......# #.........###
.......#####....@.......
.#####..................
#..######.......... #..#
#......#### #.>#
#......# #..# #......#
#..# #......# #..#
#:.....# .#####..#
#......#


You could see an acid dragon (catching breath).

Vanquished Creatures
  Pikel (D:4)
  A troll (D:10)
  Sigmund (D:3)
  The ghost of paps the Caller, an amateur OpSu (D:4)
  An acid dragon (D:8)
  A water moccasin (D:7)
  Duvessa (D:6)
  Pargi (Sewer)
  4 orc warriors
  An ogre (D:5)
  A wolf (D:10)
  4 centaurs
  4 lemures (D:4)
  A phantom (D:7)
  A gnoll sergeant (D:8)
  2 bullfrogs
  A necrophage (D:7)
  3 wights (D:7)
  Dowan (D:6)
  An electric eel (D:10)
  3 jellies
  6 orc priests
  6 hounds
  2 iguanas
  5 orc wizards
  Terence (D:2)
  9 adders
  8 gnolls
  A shadow imp (D:8)
  A white imp (D:5)
  2 ufetubi
  2 worms
  6 dart slugs
  16 orcs
  12 ball pythons
  2 bats
  10 endoplasms
  3 giant cockroaches (D:1)
  11 goblins
  6 hobgoblins
  5 jackals
  4 quokkas
  A frilled lizard (D:2)
  10 kobolds
  6 rats
170 creatures vanquished.

Notes
Turn   | Place    | Note
-------+----------+-------------------------------------------
     0 | D:1      | brendy123 the Deep Elf Conjurer began the quest for the
                  | Orb.
     0 | D:1      | Reached XP level 1. HP: 10/10 MP: 6/6
   163 | D:1      | Reached XP level 2. HP: 15/15 MP: 1/8
   253 | D:1      | Found Cimefop's General Store.
   274 | D:1      | Reached skill level 5 in Conjurations
   615 | D:1      | Reached XP level 3. HP: 19/19 MP: 5/9
   851 | D:1      | Learned a level 2 spell: Searing Ray
  1258 | D:2      | Reached skill level 6 in Conjurations
  1266 | D:2      | Found a sparkling altar of Nemelex Xobeh.
  1383 | D:2      | Reached XP level 4. HP: 16/24 MP: 4/10
  2092 | D:2      | Noticed Terence
  2098 | D:2      | Killed Terence
  2099 | D:2      | Reached skill level 7 in Conjurations
  2099 | D:2      | Reached XP level 5. HP: 28/28 MP: 4/11
  2927 | D:3      | Noticed Sigmund
  2958 | D:3      | Killed Sigmund
  2959 | D:3      | Reached skill level 8 in Conjurations
  2959 | D:3      | Reached XP level 6. HP: 17/32 MP: 1/12
  4156 | D:4      | Reached skill level 9 in Conjurations
  4185 | D:4      | Learned a level 3 spell: Dazzling Flash
  4244 | D:4      | Found a large runed translucent door.
  4245 | D:4      | Found a large runed translucent door.
  4256 | D:4      | Noticed paps's ghost (amateur OpSu)
  4364 | D:4      | Noticed Pikel
  6081 | D:4      | Found a staircase to the Ecumenical Temple.
  6164 | D:4      | Killed Pikel
  6165 | D:4      | Reached skill level 10 in Conjurations
  6165 | D:4      | Reached XP level 7. HP: 36/36 MP: 6/13
  6252 | Temple   | Entered the Ecumenical Temple
  6729 | D:4      | Killed paps's ghost
  6730 | D:4      | Reached skill level 11 in Conjurations
  6730 | D:4      | Reached XP level 8. HP: 41/41 MP: 5/14
  6851 | D:5      | Entered Level 5 of the Dungeon
  7709 | D:6      | Noticed Duvessa
  7709 | D:6      | Noticed Dowan
  7791 | D:6      | Found a glowing drain.
  7819 | Sewer    | Entered a sewer
  8088 | Sewer    | Noticed Pargi
  8095 | Sewer    | Killed Pargi
  8096 | Sewer    | Reached skill level 12 in Conjurations
  8243 | D:6      | Killed Duvessa
  8661 | D:6      | Killed Dowan
  8664 | D:6      | Reached skill level 5 in Spellcasting
  9716 | D:7      | Reached XP level 9. HP: 12/45 MP: 15/22
 10058 | D:7      | Learned a level 1 spell: Slow
 10063 | D:7      | Learned a level 4 spell: Iskenderun's Mystic Blast
 10433 | D:7      | Found a radiant altar of Vehumet.
 10440 | D:7      | Became a worshipper of Vehumet
 10762 | D:7      | Found a runed translucent door.
 10764 | D:7      | Noticed a troll
 10764 | D:7      | Noticed stabb's ghost (novice DsFE)
 11275 | D:8      | Found Soisi's Self-Improvement Boutique.
 11374 | D:8      | Reached skill level 10 in Spellcasting
 12135 | D:8      | Learned a level 4 spell: Flame Wave
 12603 | D:9      | HP: 2/45 [centaur/arrow (8)]
 12897 | D:9      | Found a white marble altar of Elyvilon.
 14336 | D:10     | Entered Level 10 of the Dungeon
 14338 | D:10     | Noticed a troll
 14606 | D:10     | Reached skill level 13 in Conjurations
 14896 | D:10     | Killed a troll
 14965 | D:10     | Killed from afar by an acid dragon

Illustrated notes

Levels and vault maps discovered:
D:1:      sevenhm_arrival_forest_fort_small_4, layout_basic, serial_shops, shop
D:2:      layout_loops_corners, basic_altar, serial_bayou_pond_a, uniq_terence
D:3:      layout_basic, minmay_mini_jars, uniq_sigmund
D:4:      layout_basic, minmay_temple_entry_glassed_door,
          ebering_ghost_disaster_area, uniq_pikel
D:5:      layout_rooms, water_maze_lemuel
D:6:      layout_loops_cross, cheibrodos_sewer_entry_drain, uniq_duvessa
D:7:      layout_basic, mainiacjoe_overflow_tiny_flanked,
          ebering_ghost_inner_flame, kennysheep_pointless_box
D:8:      layout_loops_ring, nicolae_shop_self_help
D:9:      layout_grid_maze, marbit_many_paths, minivault_22
D:10:     layout_small_grid, erik_lair_island, minmay_puff
Temple:   mainiacjoe_temple_big_plus

Skill      XL: |  1  2  3  4  5  6  7  8  9 |
---------------+----------------------------+-----
Conjurations   | 5 6 7 8 10 11 12 13 | 13.4
Spellcasting   | 7 11 | 11.1
Dodging        | |  2.4
Stealth        | |  2.4

Action                   |  1- 3 |  4- 6 |  7- 9 || total
-------------------------+-------+-------+-------++-------
Melee: Mace              |     1 |     1 |    10 ||    12
 Cast: Magic Dart        |    63 |    97 |   163 ||   323
       Searing Ray       |     1 |    18 |    50 ||    69
       Slow              |       |       |     2 ||     2
       Flame Wave        |       |       |     1 ||     1
  Use: Scroll            |       |     9 |     9 ||    18
       Potion            |       |     3 |     4 ||     7
Armor: Robe              |       |     6 |    18 ||    24
Dodge: Dodged            |     5 |    18 |    79 ||   102

Table legend: (Time is in decaauts)
 A = Elapsed time spent in this place.
 B = Non-inter-level travel time spent in this place.
 C = Inter-level travel time spent in this place.
 D = Time resting spent in this place.
 E = Time spent auto-exploring this place.
 F = Levels seen in this place.
 G = Mean time per level.
                   A        B        C        D        E       F      G
               +--------+--------+--------+--------+--------+-----+--------+
         Total |  15008 |  14308 |    700 |   5719 |   7189 |  12 | 1250.7 |
       Dungeon |  14177 |  13503 |    674 |   5450 |   6697 |  10 | 1417.7 |
        Temple |    416 |    390 |     26 |      0 |    382 |   1 |  416.0 |
         Sewer |    413 |    413 |      0 |    269 |    109 |   1 |  413.0 |
               +--------+--------+--------+--------+--------+-----+--------+

Top non-repeatable levels by time:
     D:4: 3009 daAuts
     D:9: 1678 daAuts
     D:8: 1537 daAuts
     D:7: 1514 daAuts
     D:5: 1498 daAuts
     D:1: 1238 daAuts
     D:2: 1205 daAuts
     D:6: 1077 daAuts
     D:3: 991 daAuts
    D:10: 426 daAuts
  Temple: 416 daAuts
   Sewer: 413 daAuts
